 Dungeon Crawl Stone Soup version 0.27-a0-1278-g6cbc8dfb29 (webtiles) character file.

Game seed: 7260826305416269294

63 dickylongcocking the Magician (level 4, -6/32 HPs)
             Began as a Djinni Hedge Wizard on June 13, 2021.
             Mangled by a gnoll shaman (7 damage)
             ... on level 2 of the Dungeon.
             The game lasted 00:02:29 (3785 turns).

dickylongcocking the Magician (Djinni Hedge Wizard) Turns: 3785, Time: 00:02:29

Health: -6/32      AC:  5    Str:  9    XL:     4   Next: 30%
Gold:   69         EV: 10    Int: 16    God:
                   SH:  0    Dex: 13

rFire    + + .     SeeInvis .   a - +0 dagger
rCold    x . .     Faith    .   (no shield)
rNeg     . . .     Spirit   .   j - +0 ring mail
rPois    ∞         Reflect  .   c - +0 hat
rElec    .         Harm     .   (no cloak)
rCorr    .         Rampage  .   (no gloves)
Will     .....                  (boots unavailable)
Stlth    +.........             (no amulet)
HPRegen  0.10/turn              (no ring)
MPRegen  0.00/turn              (no ring)

@: mighty, flying
A: sickness immunity, fire resistance 2, cold vulnerability 1, float, innate
caster, hp casting, extra vitality 1
a: no special abilities


You were on level 2 of the Dungeon.
You visited 1 branch of the dungeon, and saw 2 of its levels.

You collected 69 gold pieces.

Inventory:

Hand Weapons
 a - a +0 dagger (weapon)
Armour
 b - a +0 robe
 c - a +0 hat (worn)
 j - a +0 ring mail (worn)
Jewellery
 d - a ring of fire
Scrolls
 e - 3 scrolls of identify {unknown}
 f - 3 scrolls of teleportation {unknown}
 g - a scroll of amnesia {unknown}
 h - a scroll of magic mapping {unknown}


   Skills:
 * Level 1.1 Fighting
 - Level 2.2 Dodging
 - Level 1.6 Stealth
 * Level 3.5 Spellcasting


You couldn't memorise any spells.
You knew the following spells:

 Your Spells              Type           Power      Damage    Failure   Level
a - Magic Dart            Conj           56%        1d5       12%         1
b - Blink                 Tloc           N/A        N/A       17%         2
c - Call Imp              Summ           14%        N/A       17%         2
d - Slow                  Hex            14%        N/A       17%         2
e - Conjure Flame         Conj/Fire      14%        6-21      34%         3
f - Mephitic Cloud        Conj/Pois/Air  14%        N/A       34%         3
g - Apportation           Tloc           28%        N/A       12%         1
Your spell library was empty.

Dungeon Overview and Level Annotations

Branches:
Dungeon (2/15)

Altars:


Innate Abilities, Weirdness & Mutations

You are immune to sickness and miasma.
You are immune to poison.
Your flesh is very heat resistant. (rF++)
You are vulnerable to cold. (rC-)
You float through the air rather than walking.
You learn spells naturally, not from books.
Your magical power is your life essence.
You have superior vitality. (+4 HP)


Message History

You closely miss the gnoll shaman.
The gnoll shaman is heavily wounded.
Your crimson imp hits the gnoll shaman but does no damage.
The gnoll shaman hits you with a +0 whip.
* * * LOW HITPOINT WARNING * * *
Unknown command.
Unknown command.
Your ring mail prevents you from hitting the gnoll shaman.
The gnoll shaman is heavily wounded.
Your crimson imp blinks!
The gnoll shaman hits you with a +0 whip.
* * * LOW HITPOINT WARNING * * *
Unknown command.
You hit the gnoll shaman.
The gnoll shaman is severely wounded.
The gnoll shaman barely misses you.
Unknown command.
You closely miss the gnoll shaman.
The gnoll shaman is severely wounded.
Your crimson imp hits the gnoll shaman.
The gnoll shaman prays to its god.
The gnoll shaman is healed somewhat.
Unknown command.
You barely miss the gnoll shaman.
The gnoll shaman is heavily wounded.
Your crimson imp disappears in a puff of smoke!
Your crimson imp hits the gnoll shaman but does no damage.
The gnoll shaman hits you with a +0 whip.
* * * LOW HITPOINT WARNING * * *
Unknown command.
Unknown command.
Press: ? - help, v - describe, . - travel
Here: a gnoll shaman, wielding a +0 whip and wearing a +0 leather armour (heavily wounded, ally target)
The floor.
Unknown command.
You hit the gnoll shaman.
The gnoll shaman is heavily wounded.
Your crimson imp closely misses the gnoll shaman.
The gnoll shaman hits you with a +0 whip!
You die...

#..###.....<.....)...#
##..#........#########
### #.#.##.....## ..##
######.#####...## ...#
#......# ###.# #..#
#.####.# #5# #..# #.#
#.# #.# #..###.#
#.#######.# #......#
##....§@g5.#
#.####.###..).#§##.##
#.# #..........##.#
#.# ##..##....####.#
..# #...###.#.# ##.##
###
#...###.#.###...###
#.....#.#.........#
#.#.#.#.#####...#.#
#####.#.#.#.# ###.#.#


You could see a gnoll shaman (ally target) and a friendly crimson imp
(summoned).

Vanquished Creatures
  A ball python (D:1)
  4 endoplasms
  A giant cockroach (D:1)
  2 goblins
  A hobgoblin (D:1)
  A kobold (D:1)
  A bat (D:2)
  A frilled lizard (D:1)
  4 rats
16 creatures vanquished.

Vanquished Creatures (collateral kills)
  4 gnolls (D:2)
  An adder (D:2)
  A worm (D:2)
  A dart slug (D:2)
  2 ball pythons (D:2)
  An endoplasm (D:1)
  3 giant cockroaches
  4 goblins
  A hobgoblin (D:2)
  5 jackals
  A kobold (D:1)
  A quokka (D:1)
  A bat (D:2)
26 creatures vanquished.

Grand Total: 42 creatures vanquished

Notes
Turn   | Place    | Note
-------+----------+-------------------------------------------
     0 | D:1      | dickylongcocking the Djinni Hedge Wizard began the quest
                  | for the Orb.
     0 | D:1      | Reached XP level 1. HP: 15/15 MP: 0/0
   159 | D:1      | Reached XP level 2. HP: 5/21 MP: 0/0
   990 | D:1      | Reached skill level 3 in Spellcasting
  1575 | D:2      | Reached XP level 3. HP: 22/25 MP: 0/0
  1575 | D:2      | Learned a level 1 spell: Apportation
  2643 | D:2      | Found a faded altar of an unknown god.
  3387 | D:2      | Reached XP level 4. HP: 20/31 MP: 0/0
  3723 | D:2      | Reached skill level 1 in Fighting
  3784 | D:2      | HP: 1/32 [gnoll shaman (4)]
  3785 | D:2      | Mangled by a gnoll shaman

Illustrated notes

Levels and vault maps discovered:
D:1:      sevenhm_arrival_forest_fort_large_2, layout_loops_ring,
          serial_park_tiny_1
D:2:      layout_loops_ring, basic_altar, hellmonk_ecumenical_altar_crossroads

Skill      XL: |  1  2  3  4 |
---------------+-------------+-----
Spellcasting   | 3 |  3.5
Fighting       | 1 |  1.1
Dodging        | |  2.2
Stealth        | |  1.6

Action                   |  1- 3 |  4- 6 || total
-------------------------+-------+-------++-------
Melee: Dagger            |    81 |    18 ||    99
 Cast: Magic Dart        |    20 |       ||    20
       Call Imp          |    30 |    10 ||    40
  Use: Potion            |       |     1 ||     1
 Stab: Sleeping          |     5 |       ||     5
Armor: Robe              |    16 |     2 ||    18
       Ring mail         |       |     1 ||     1
Dodge: Dodged            |    92 |     7 ||    99

Table legend: (Time is in decaauts)
 A = Elapsed time spent in this place.
 B = Non-inter-level travel time spent in this place.
 C = Inter-level travel time spent in this place.
 D = Time resting spent in this place.
 E = Time spent auto-exploring this place.
 F = Levels seen in this place.
 G = Mean time per level.
                   A        B        C        D        E       F      G
               +--------+--------+--------+--------+--------+-----+--------+
         Total |   3785 |   3650 |    135 |    476 |   2761 |   2 | 1892.5 |
       Dungeon |   3785 |   3650 |    135 |    476 |   2761 |   2 | 1892.5 |
               +--------+--------+--------+--------+--------+-----+--------+

Top non-repeatable levels by time:
     D:1: 1939 daAuts
     D:2: 1846 daAuts
